 Dungeon Sprint DCSS version 0.26-a0-1164-g1a551d6a14 (webtiles) character file.

Game seed: 15888590784658074685

15 rocky1 the Chiller (level 2, 15/15 HPs)
             Began as a Gargoyle Ice Elementalist on Dec 24, 2020.
             Quit the game in the Dungeon (Sprint IX: "|||||||||||||||||||||||||||||").
             The game lasted 00:01:56 (129 turns).

rocky1 the Chiller (Gargoyle Ice Elementalist)       Turns: 129, Time: 00:01:57

Health: 15/15      AC:  4    Str: 11    XL:     2   Next: 50%
Magic:  0/5        EV: 12    Int: 15    God:
Gold:   0          SH:  0    Dex: 10    Spells: 4/5 levels left

rFire    . . .     SeeInvis .   b - +0 short sword
rCold    . . .     Faith    .   (no shield)
rNeg     + . .     Spirit   .   a - +0 robe
rPois    ∞         Reflect  .   (no helmet)
rElec    +         Harm     .   (no cloak)
rCorr    .         Rampage  .   (no gloves)
Will     .....     NoTele   +   (no boots)
Stlth    ++........             (no amulet)
HPRegen  0.05/turn              (no ring)
MPRegen  0.09/turn              (no ring)

@: no status effects
A: negative energy resistance 1, electricity resistance, unbreathing,
petrification resistance, miasma immunity, AC +2
a: no special abilities


You were in the Dungeon.
You visited 1 branch

Inventory:

Hand Weapons
 b - a +0 short sword (weapon)
Armour
 a - a +0 robe (worn)
Scrolls
 h - a scroll of blinking
Potions
 d - a potion of heal wounds
 e - a potion of haste
 f - 2 potions of magic
 g - a potion of berserk rage


   Skills:
 + Level 0.1 Fighting
 - Level 1.5 Dodging
 - Level 2.1 Stealth
 + Level 1.1 Unarmed Combat
 - Level 2.0 Spellcasting
 + Level 6.1 Ice Magic


You had 4 spell levels left.
You knew the following spells:

 Your Spells              Type           Power        Failure   Level
a - Freeze                Ice            80%          1%          1

Your spell library contained the following spells:

 Spells                   Type           Power        Failure   Level
 Frozen Ramparts          Ice            40%          5%          3
 Ozocubu's Armour         Ice            20%          5%          3
 Hailstorm                Conj/Ice       10%          52%         4
 Summon Ice Beast         Ice/Summ       10%          52%         4


Dungeon Overview and Level Annotations

Branches:
Dungeon (1/1)

Altars:


Innate Abilities, Weirdness & Mutations

You are resistant to torment.
Your stone body is resilient. (AC +2)
You are immune to poison.
You resist negative energy. (rN+)
You are resistant to electric shocks. (rElec)
You can survive without breathing.
You are immune to petrification.
You are immune to miasma.


Message History

The adder is severely wounded.
The adder barely misses you. The adder misses you.
You completely miss the adder.
The adder is severely wounded.
The adder bites you.
* * * LOW HITPOINT WARNING * * *
You feel better. The adder completely misses you. The adder closely misses you.
Casting: Freeze (safe; 2% risk of failure)
Confirm with . or Enter, or press ? or * to list all spells.
Aiming: Freeze (safe; 2% risk of failure)
Press: ? - help, Shift-Dir - straight line, f/p - adder
Aim: an adder (severely wounded)
You freeze the adder.
You kill the adder!
The worker ant bites you but does no damage.
Your Unarmed Combat skill increases to level 1!
Your Ice Magic skill increases to level 6!
You have reached level 2!
Okay, then.
Are you sure you want to abandon this character and quit the game? (Confirm with "yes".)

▓+▓
▓.▓
▓5▓
▓.▓
▓l▓
▓B▓
▓@▓
▓.▓
▓.▓
▓.▓
▓)▓
▓†▓
▓'▓
▓.▓
▓.▓


You could see a worker ant, an ufetubus and a leopard gecko.

Vanquished Creatures
  An adder (D)
  A goblin (D)
  A hobgoblin (D)
  A jackal (D)
  A bat (D)
  2 kobolds (D)
7 creatures vanquished.

Notes
Turn   | Place    | Note
-------+----------+-------------------------------------------
     0 | D        | rocky1 the Gargoyle Ice Elementalist began the quest for
                  | the Orb.
     0 | D        | Reached XP level 1. HP: 10/10 MP: 3/3
    30 | D        | Reached skill level 5 in Ice Magic
   109 | D        | Noticed a worker ant
   129 | D        | Reached skill level 1 in Unarmed Combat
   129 | D        | Reached skill level 6 in Ice Magic
   129 | D        | Reached XP level 2. HP: 15/15 MP: 0/5
   129 | D        | Quit the game

Illustrated notes

Levels and vault maps discovered:
D:        linesprint [early_d, line_temple, items_1, d_10, items_2, lair_1,
          lair_end, items_3, orc_1, orc_end, items_4, d_15, swamp_1, shoals_1,
          snake_1, spider_1, d_20, vaults_1, items_5, swamp_end, shoals_end,
          snake_end, spider_end, vaults_end, d_27, items_6, zot_1, zot_end,
          crypt_end, forest_end, elf_end, slime_end, tomb_end, abyss_end,
          pan_hell_end]

Skill      XL: |  1 |
---------------+----+-----
Ice Magic      | 6 |  6.1
Unarmed Combat | 1 |  1.1
Fighting       | |  0.1
Dodging        | |  1.5
Stealth        | |  2.1
Spellcasting   | |  2.0

Action                   || total
-------------------------++-------
Melee: Unarmed           ||    21
       Short sword       ||    13
 Cast: Freeze            ||     7
  Use: Potion            ||     1
Armor: Robe              ||    10
Dodge: Dodged            ||    32

Table legend: (Time is in decaauts)
 A = Elapsed time spent in this place.
 B = Non-inter-level travel time spent in this place.
 C = Inter-level travel time spent in this place.
 D = Time resting spent in this place.
 E = Time spent auto-exploring this place.
 F = Levels seen in this place.
 G = Mean time per level.
                   A        B        C        D        E       F      G
               +--------+--------+--------+--------+--------+-----+--------+
         Total |    129 |    129 |      0 |     69 |      0 |   1 |  129.0 |
       Dungeon |    129 |    129 |      0 |     69 |      0 |   1 |  129.0 |
               +--------+--------+--------+--------+--------+-----+--------+

Top non-repeatable levels by time:
       D: 129 daAuts
